 Dungeon Crawl Stone Soup version 0.27-a0-54-g64bdb92e38 (webtiles) character file.

Game seed: 3664789076585514435

1391 wythoutpain the Covert (level 8, -1/38 HPs)
             Began as a Spriggan Enchanter on Jan 7, 2021.
             Slain by a killer bee (12 damage)
             ... on level 7 of the Dungeon.
             The game lasted 00:38:37 (7667 turns).

wythoutpain the Covert (Spriggan Enchanter)         Turns: 7667, Time: 00:38:38

Health: -1/38      AC:  3    Str:  5    XL:     8   Next: 40%
Magic:  16/17      EV: 20    Int: 17    God:
Gold:   357        SH:  0    Dex: 17    Spells: 9/18 levels left

rFire    . . .     SeeInvis +   m - +4 short sword
rCold    . . .     Faith    .   (shield restricted)
rNeg     . . .     Spirit   .   b - +1 robe
rPois    .         Reflect  .   (helmet restricted)
rElec    .         Harm     +   i - scarf {harm}
rCorr    .         Rampage  .   (gloves unavailable)
Will     ++...                  (boots unavailable)
Stlth    ++++......             C - amulet of the acrobat
HPRegen  0.12/turn              M - ring of willpower
MPRegen  0.15/turn              c - ring of wizardry

@: lethally poisoned (-1 -> -4), very quick
A: very small, unfitting armour, see invisible, speed 3
a: no special abilities


You were on level 7 of the Dungeon.
You visited 1 branch of the dungeon, and saw 7 of its levels.

You collected 357 gold pieces.

Inventory:

Hand Weapons
 a - a +1 dagger
 e - a +0 dagger of venom
 m - a +4 short sword (weapon)
 w - a +0 hunting sling
Missiles
 d - 195 stones
 f - 112 sling bullets
 j - 68 poisoned darts
 x - 3 datura-tipped darts
Armour
 b - a +1 robe (worn)
 i - a scarf of harm (worn)
Jewellery
 c - a ring of wizardry (right hand)
 k - an uncursed ring of flight
 s - an uncursed ring of magical power
 y - an uncursed ring of resist corrosion
 C - an amulet of the acrobat (around neck)
 D - a +4 ring of protection
 E - an uncursed ring of magical power
 I - an uncursed ring of protection from cold
 K - an uncursed ring of protection from fire
 M - a ring of willpower (left hand)
Wands
 p - a wand of random effects (11)
 B - a wand of digging (6)
 J - a wand of enslavement (7)
Scrolls
 h - a scroll of blinking
 n - 3 scrolls of amnesia
 t - a scroll of fear
 u - 2 scrolls of teleportation
 H - a scroll of vulnerability {unknown}
 L - 2 scrolls of remove curse {unknown}
 N - a scroll of immolation {unknown}
Potions
 g - 4 potions of curing
 l - 2 potions of might
 o - 2 potions of heal wounds
 q - a potion of experience {unknown}
 r - 2 potions of attraction
 v - a potion of haste {unknown}
 z - 2 potions of lignification
 A - a potion of cancellation {unknown}
 F - a potion of resistance {unknown}
 G - a potion of ambrosia {unknown}


   Skills:
 + Level 1.6 Fighting
 + Level 5.4 Short Blades
 + Level 1.0 Throwing
 + Level 4.7 Dodging
 + Level 9.5 Stealth
 + Level 5.5 Spellcasting
 + Level 6.3 Hexes
 + Level 1.0 Ice Magic


You had 9 spell levels left.
You knew the following spells:

 Your Spells              Type           Power        Failure   Level
a - Corona                Hex            28%          1%          1
b - Ensorcelled Hibernat  Hex/Ice        34%          1%          2
c - Confusing Touch       Hex            26%          1%          3
d - Tukima's Dance        Hex            26%          1%          3

Your spell library contained the following spells:

 Spells                   Type           Power        Failure   Level
 Dazzling Flash           Conj/Hex       30%          4%          3
 Animate Skeleton         Necr           8%           6%          1
 Apportation              Tloc           8%           6%          1
 Beastly Appendage        Tmut           8%           6%          1
 Summon Small Mammal      Summ           16%          6%          1
 Wereblood                Tmut           4%           9%          2
 Spider Form              Tmut/Pois      2%           16%         3
 Ice Form                 Ice/Tmut       6%           38%         4
 Blade Hands              Tmut           2%           80%         5


Dungeon Overview and Level Annotations

Branches:
Dungeon (7/15)             Temple (0/1) D:7

Altars:
Ashenzari
Elyvilon
Nemelex Xobeh
Trog
Wu Jian

Shops:
D:5 (


Innate Abilities, Weirdness & Mutations

You are very small and have problems with some larger weapons.
You are too small for most types of armour.
You have supernaturally acute eyesight. (SInv)
You cover ground extremely quickly.


Message History

The killer bee is almost dead.
The killer bee closely misses you. The killer bee misses you.
You barely miss the killer bee.
The killer bee is severely wounded.
The killer bee stings you but does no damage.
You hit the killer bee but do no damage.
The killer bee is severely wounded.
The killer bee stings you.
You are poisoned.
The killer bee poisons you! The killer bee misses you.
You hit the killer bee.
The killer bee is almost dead.
You feel sick. The killer bee completely misses you. The killer bee misses you.
You miss the killer bee.
The killer bee is almost dead.
The killer bee closely misses you.
You barely miss the killer bee.
The killer bee is almost dead.
You feel sick. The killer bee stings you!
You die...

#.......# #.####### #..####.#
#.#.....# ### #..# #.# #.#.....#
#.# #..# #.# #....>..########.#
####..####.#####...............$#
.............>##.#......###?.....
##†##.##.#.#.###y####...# #.#....
.[.....#.#.#.# #y# ###.# #......
##.###.# #.#!###@# #.# #.#.⌠.⌠
.......# #.#...<.# #.# #......
##.###.# #.####### #.# #.#....
##.###)# #.# #.# #...._. ....†..#
#. #.#.... .#.##### ..... ...###
....


You could see 2 killer bees.

Vanquished Creatures
  Grinder (D:4)
  2 ogres
  A necrophage (D:5)
  3 centaurs (D:6)
  A bullfrog (D:7)
  2 scorpions
  A killer bee (D:7)
  A howler monkey (D:6)
  A jelly (D:5)
  A bullfrog skeleton (D:6)
  A hound (D:5)
  2 iguanas (D:5)
  Terence (D:2)
  2 orc wizards
  A worker ant (D:4)
  A hound zombie (D:6)
  A howler monkey zombie (D:6)
  A worker ant zombie (D:5)
  4 adders
  A shadow imp (D:7)
  2 oozes (D:3)
  An adder skeleton (D:5)
  3 worms
  5 dart slugs
  4 leopard geckos
  15 orcs
  A ball python (D:3)
  8 bats
  8 giant cockroaches
  12 goblins
  10 hobgoblins
  3 jackals (D:5)
  6 kobolds
  2 frilled lizards (D:3)
  A quokka zombie (D:7)
  10 rats
120 creatures vanquished.

Vanquished Creatures (others)
  8 plants (D:7)
8 creatures vanquished.

Grand Total: 128 creatures vanquished

Notes
Turn   | Place    | Note
-------+----------+-------------------------------------------
     0 | D:1      | wythoutpain the Spriggan Enchanter began the quest for the
                  | Orb.
     0 | D:1      | Reached XP level 1. HP: 9/9 MP: 5/5
    63 | D:1      | Reached XP level 2. HP: 6/13 MP: 6/6
   397 | D:1      | Reached skill level 5 in Stealth
  1060 | D:2      | Reached XP level 3. HP: 9/16 MP: 4/8
  1889 | D:2      | Learned a level 2 spell: Ensorcelled Hibernation
  1985 | D:2      | Noticed Terence
  1989 | D:2      | Killed Terence
  1990 | D:2      | Reached XP level 4. HP: 21/21 MP: 9/9
  2017 | D:2      | Reached skill level 1 in Throwing
  2551 | D:2      | Found a sparkling altar of Nemelex Xobeh.
  3140 | D:3      | Reached XP level 5. HP: 6/25 MP: 2/11
  3912 | D:3      | Learned a level 3 spell: Confusing Touch
  4380 | D:4      | Learned a level 3 spell: Tukima's Dance
  4395 | D:4      | Noticed Grinder
  4415 | D:4      | Killed Grinder
  4416 | D:4      | Reached skill level 6 in Stealth
  4416 | D:4      | Reached skill level 5 in Hexes
  4416 | D:4      | Reached skill level 1 in Ice Magic
  4416 | D:4      | Reached XP level 6. HP: 12/29 MP: 10/13
  5448 | D:5      | Entered Level 5 of the Dungeon
  5855 | D:5      | Reached skill level 1 in Fighting
  5855 | D:5      | Reached XP level 7. HP: 33/33 MP: 14/14
  6001 | D:5      | Found Plog's Antique Weapon Shoppe.
  6103 | D:5      | Reached skill level 7 in Stealth
  6789 | D:6      | Reached skill level 8 in Stealth
  6920 | D:6      | Reached skill level 5 in Spellcasting
  6920 | D:6      | Reached XP level 8. HP: 37/37 MP: 16/16
  6930 | D:6      | Reached skill level 5 in Short Blades
  6950 | D:6      | Found a broken altar of Ashenzari.
  7212 | D:6      | Found an ornate altar of the Wu Jian Council.
  7302 | D:6      | Found a bloodstained altar of Trog.
  7470 | D:7      | Reached skill level 9 in Stealth
  7595 | D:7      | Found a staircase to the Ecumenical Temple.
  7617 | D:7      | Found a white marble altar of Elyvilon.
  7659 | D:7      | HP: 1/38 [killer bee (8)]
  7667 | D:7      | Slain by a killer bee

Illustrated notes

Levels and vault maps discovered:
D:1:      lightli_arrival_isolated_outpost, layout_rooms
D:2:      layout_loops_ring, nemelex_xobeh_ov_fountains_minmay, uniq_terence
D:3:      layout_basic, gup_sewer_entry_bowl
D:4:      layout_basic, uniq_grinder
D:5:      layout_loops_ring, serial_shops, nicolae_shop_behind_doors
D:6:      layout_gridville, lightli_temple_of_fire,
          pdpol_wu_jian_five_deadly_venoms, evilmike_ruin_ashenzari
D:7:      layout_basic, minmay_temple_entry_overgrown, elyvilon_altar_5,
          uniq_harold

Skill      XL: |  1  2  3  4  5  6  7  8 |
---------------+-------------------------+-----
Hexes          | 4 5 6 |  6.3
Stealth        | 5 6 8 9 |  9.5
Spellcasting   | 3 4 5 |  5.5
Short Blades   | 2 3 4 5 |  5.4
Throwing       | 1 |  1.0
Dodging        | 4 |  4.7
Ice Magic      | 1 |  1.0
Fighting       | 1 |  1.6

Action                   |  1- 3 |  4- 6 |  7- 9 || total
-------------------------+-------+-------+-------++-------
Melee: Dagger            |   158 |    70 |       ||   228
       Short sword       |       |   124 |   110 ||   234
Throw: Dart              |    17 |       |       ||    17
       Stone             |     5 |       |       ||     5
 Cast: Corona            |    28 |     5 |       ||    33
       Ensorcelled Hiber |       |    34 |       ||    34
       Confusing Touch   |       |    10 |    15 ||    25
  Use: Scroll            |       |    10 |     2 ||    12
       Potion            |       |       |     2 ||     2
 Stab: Sleeping          |     9 |    25 |    12 ||    46
       Confused          |       |     4 |    10 ||    14
Armor: Robe              |    13 |    19 |     5 ||    37
Dodge: Dodged            |   120 |   154 |    77 ||   351

Table legend: (Time is in decaauts)
 A = Elapsed time spent in this place.
 B = Non-inter-level travel time spent in this place.
 C = Inter-level travel time spent in this place.
 D = Time resting spent in this place.
 E = Time spent auto-exploring this place.
 F = Levels seen in this place.
 G = Mean time per level.
                   A        B        C        D        E       F      G
               +--------+--------+--------+--------+--------+-----+--------+
         Total |   6102 |   6012 |     90 |    432 |   4430 |   7 |  871.7 |
       Dungeon |   6102 |   6012 |     90 |    432 |   4430 |   7 |  871.7 |
               +--------+--------+--------+--------+--------+-----+--------+

Top non-repeatable levels by time:
     D:2: 1771 daAuts
     D:3: 1042 daAuts
     D:5: 971 daAuts
     D:1: 857 daAuts
     D:4: 740 daAuts
     D:6: 546 daAuts
     D:7: 172 daAuts
